 Dungeon Crawl Stone Soup version 0.26.1-11-gd32895ea62 (webtiles) character file.

Game seed: 10756143943654213275

180 Almogavar the Covered (level 5, -3/43 HPs)
             Began as a Barachi Fighter on May 4, 2021.
             Slain by an ogre
             ... wielding a +0 giant club
              (12 damage)
             ... on level 3 of the Dungeon.
             The game lasted 00:07:33 (3226 turns).

Almogavar the Covered (Barachi Fighter)             Turns: 3226, Time: 00:07:34

Health: -3/43      AC:  7    Str: 19    XL:     5   Next: 60%
Magic:  5/5        EV:  8    Int:  8    God:
Gold:   225        SH:  9    Dex: 11    Spells: 4/4 levels left

rFire    . . .     SeeInvis .   a - +0 long sword
rCold    + . .     Faith    .   c - +0 kite shield
rNeg     + . .     Spirit   .   b - +0 scale mail
rPois    .         Reflect  .   (no helmet)
rElec    .         Harm     .   (no cloak)
rCorr    .         Rampage  .   (no gloves)
Will     .....                  (no boots)
Stlth    ..........             (no amulet)
HPRegen  0.14/turn              j - ring of positive energy
MPRegen  0.09/turn              p - ring of protection from cold

@: mighty, slow
A: +LOS, swims, slowness 1, strong legs 1
a: Hop


You were on level 3 of the Dungeon.
You visited 1 branch of the dungeon, and saw 4 of its levels.

You collected 225 gold pieces.

Inventory:

Hand Weapons
 a - a +0 long sword (weapon)
 t - a +0 hunting sling
Missiles
 l - 20 bolts
 m - 109 stones
 n - 15 sling bullets
Armour
 b - a +0 scale mail (worn)
 c - a +0 kite shield (worn)
Jewellery
 j - a ring of positive energy (left hand)
 p - a ring of protection from cold (right hand)
Scrolls
 e - a scroll of magic mapping
 h - 3 scrolls of remove curse
 o - 2 scrolls of teleportation
 q - 5 scrolls of amnesia {unknown}
 s - 2 scrolls of enchant armour {unknown}
 u - a scroll of fear {unknown}
Potions
 d - a potion of might
 f - 2 potions of ambrosia
 g - 3 potions of lignification
 i - 3 potions of curing
 k - a potion of flight {unknown}
 r - a potion of heal wounds {unknown}
 v - a potion of mutation {unknown}
 w - a potion of magic {unknown}


   Skills:
 + Level 4.4 Fighting
 + Level 4.0 Long Blades
 + Level 0.1 Slings
 + Level 4.5 Armour
 + Level 1.4 Dodging
 + Level 4.5 Shields


You had 4 spell levels left.
You didn't know any spells.
Your spell library was empty.

Dungeon Overview and Level Annotations

Branches:
Dungeon (4/15)
 Temple: D:4-7

Altars:
Elyvilon


Innate Abilities, Weirdness & Mutations

You can be seen from farther away. (+LOS)
You can swim through water.
You cover ground slowly.
You can hop short distances.


Message History

The ogre hits you with a +0 giant club!
You shoot a stone. The stone hits the ogre.
The ogre is lightly wounded.
The ogre barely misses you.
a - a +0 long sword (weapon)
The ogre hits you with a +0 giant club! The ogre hits you with a +0 giant club!
* * * LOW HITPOINT WARNING * * *
You block the ogre's attack.
There is a stone staircase leading up here.
You climb upwards.
There is a stone staircase leading down here.
You feel very mighty all of a sudden. The ogre hits you with a +0 giant club!
* * * LOW HITPOINT WARNING * * *
It was a potion of curing.
You feel better. You block the ogre's attack.
You slash the ogre!
The ogre is heavily wounded.
The ogre hits you with a +0 giant club!
You die... ###.....P...P.P.P...# #...P.P.P.P.PPP..## ####P...P.P..(...# #PPP.PPPPPPP..#####

###....)......'...#
##...........###.#
##.♣...♣.###### #.#
##.........#######'####
#.♣...@O..♣.##.........
##..........##.........
##.♣...♣...##.........
#.........##.........
#.........##.........
#.........##.........
#.........##.........
#.........##.........
############.).......


You could see an ogre.

Vanquished Creatures
  A hound skeleton (D:4)
  8 adders
  3 worms
  3 dart slugs
  2 leopard geckos
  4 orcs (D:3)
  5 bats
  8 giant cockroaches
  5 goblins
  6 hobgoblins
  8 jackals
  4 kobolds
  4 quokkas
  3 frilled lizards
  A leopard gecko skeleton (D:4)
  7 rats
72 creatures vanquished.

Vanquished Creatures (others)
  A quokka (D:4)
1 creature vanquished.

Grand Total: 73 creatures vanquished

Notes
Turn   | Place    | Note
-------+----------+-------------------------------------------
     0 | D:1      | Almogavar the Barachi Fighter began the quest for the Orb.
     0 | D:1      | Reached XP level 1. HP: 18/18 MP: 1/1
   244 | D:1      | Reached XP level 2. HP: 22/25 MP: 2/2
   553 | D:1      | Reached XP level 3. HP: 30/30 MP: 3/3
  1720 | D:3      | Reached skill level 1 in Dodging
  1720 | D:3      | Reached XP level 4. HP: 37/37 MP: 4/4
  1745 | D:3      | Found a faded altar of an unknown god.
  2354 | D:3      | Reached XP level 5. HP: 43/43 MP: 5/5
  3200 | D:4      | Found a white marble altar of Elyvilon.
  3201 | D:4      | Noticed an ogre
  3224 | D:3      | HP: 1/43 [ogre/+0 giant club (12)]
  3226 | D:3      | Slain by an ogre

Illustrated notes

Levels and vault maps discovered:
D:1:      dpeg_arrival_rooms_c, layout_loops_corners, minmay_tall_x
D:2:      layout_basic
D:3:      layout_basic, chequers_ecumenical_altar_simple, minmay_hedge_maze,
          grunt_ministairs_2
D:4:      cheibrodos_greedy_goblins, layout_rooms,
          grunt_temple_overflow_diamond, minmay_temple_entry_metal_lava,
          minmay_misc_feat_chi, st_stairs_14, elyvilon_altar_4

Skill      XL: |  1  2  3  4  5 |
---------------+----------------+-----
Armour         | 4 |  4.5
Long Blades    | 3 4 |  4.0
Shields        | 4 |  4.5
Dodging        | 1 |  1.4
Fighting       | 4 |  4.4
Slings         | |  0.1

Action                   |  1- 3 |  4- 6 || total
-------------------------+-------+-------++-------
Melee: Long sword        |    85 |   146 ||   231
 Fire: Hunting sling     |       |     8 ||     8
  Use: Scroll            |     5 |     1 ||     6
       Potion            |       |     2 ||     2
Armor: Scale mail        |    44 |    50 ||    94
Dodge: Dodged            |    39 |    41 ||    80
Block: Kite shield       |    53 |    80 ||   133
       Rpst.: Long sword |     9 |    12 ||    21
